 Dungeon Crawl Stone Soup version 0.25-a0-285-gcba6f664f8 (webtiles) character file.

Game seed: 603734692895290632, levelgen mode: deterministic

10906 pratgm the Fighter (level 11, -1/106 HPs)
             Began as a Minotaur Fighter on Dec 11, 2019.
             Was a Believer of Makhleb.
             Slain by Jorgrun
             ... wielding a +0 quarterstaff of crushing
              (7 damage)
             ... on level 12 of the Dungeon on Dec 12, 2019.
             The game lasted 00:50:01 (9110 turns).

pratgm the Fighter (Minotaur Fighter)               Turns: 9110, Time: 00:50:02

Health: -1/106     AC: 19    Str: 20    XL:     11   Next: 42%
Magic:  10/10      EV:  8    Int:  5    God:    Makhleb [**....]
Gold:   313        SH: 11    Dex: 14    Spells: 10/10 levels left

rFire    + . .     SeeInvis .   G - +0 hand axe (venom)
rCold    . . .     Gourm    +   c - +0 shield
rNeg     . . .     Faith    .   i - +0 plate armour
rPois    .         Spirit   .   (helmet restricted)
rElec    .         Reflect  .   m - +0 cloak
rCorr    .         Harm     .   O - +1 pair of gloves
MR       .....                  t - +0 pair of boots
Stlth    ..........             v - amulet of the gourmand
HPRegen  0.27/turn              o - ring of protection from fire
MPRegen  0.12/turn              A - +1 ring of slaying

@: drained
A: retaliatory headbutt, horns 2
a: Minor Destruction, Renounce Religion


You were on level 12 of the Dungeon.
You worshipped Makhleb.
Makhleb was pleased with you.
You were completely stuffed.

You visited 2 branches of the dungeon, and saw 14 of its levels.

You collected 517 gold pieces.
You spent 204 gold pieces at shops.

Inventory:

Hand Weapons
 a - a +0 war axe
 C - a +0 morningstar
 G - a +0 hand axe of venom (weapon)
 S - a +0 hand crossbow
Missiles
 e - 201 stones
 q - 5 javelins (quivered)
 w - 25 poisoned darts
 z - 4 silver javelins
 I - 52 bolts
 J - 14 atropa-tipped darts
 K - 5 throwing nets
 Z - 6 curare-tipped darts
Armour
 c - a +0 shield (worn)
 i - a +0 plate armour (worn)
 m - a +0 cloak (worn)
 t - a +0 pair of boots (worn)
 O - a +1 pair of gloves (worn)
Jewellery
 b - an uncursed ring of wizardry
 j - an uncursed ring of protection from cold {unknown}
 o - a ring of protection from fire (left hand)
 v - an amulet of the gourmand (around neck)
 A - a +1 ring of slaying (right hand)
Wands
 k - a wand of iceblast (3)
 F - a wand of polymorph (18)
 N - a wand of flame (19)
 Y - a wand of paralysis (11)
Scrolls
 l - 5 scrolls of teleportation
 n - 2 scrolls of blinking
 p - 2 scrolls of magic mapping
 s - a scroll of identify
 x - 2 scrolls of remove curse
 y - 2 scrolls of fear {unknown}
 D - a scroll of torment {unknown}
 H - a scroll of noise {unknown}
 L - a scroll of amnesia {unknown}
 M - a scroll of immolation {unknown}
 P - 2 scrolls of enchant weapon {unknown}
 U - a scroll of fog {unknown}
 V - a scroll of enchant armour {unknown}
Potions
 d - 3 potions of might
 g - 8 potions of curing
 h - a potion of heal wounds {unknown}
 r - a potion of flight {unknown}
 u - 5 potions of mutation
 B - a potion of resistance {unknown}
 E - a potion of ambrosia {unknown}
 W - a potion of lignification {unknown}
 X - a potion of agility
Comestibles
 f - 14 rations
 Q - 6 chunks of flesh


   Skills:
 * Level 12.8(12.0) Fighting
 + Level 9.2(8.5) Axes
 + Level 9.6(8.9) Armour
 + Level 8.1(7.4) Dodging
 + Level 9.5(8.8) Shields


You had 10 spell levels left.
You didn't know any spells.
Your spell library contained the following spells:

 Spells                   Type           Power        Failure   Level  Hunger
 Sting                    Tmut/Pois      #...         100%        1    ##.....
 Summon Small Mammal      Summ           #...         100%        1    ##.....
 Call Imp                 Summ           #.......     100%        2    ###....
 Poisonous Vapours        Pois/Air       #.....       100%        2    ###....
 Call Canine Familiar     Summ           #.......     100%        3    ####...
 Ignite Poison            Fire/Tmut/Pois #.......     100%        3    ####...
 Mephitic Cloud           Conj/Pois/Air  #.......     100%        3    ####...
 Summon Guardian Golem    Hex/Summ       #.......     100%        3    ####...
 Olgreb's Toxic Radiance  Pois           #.......     100%        4    #####..
 Summon Ice Beast         Ice/Summ       #.......     100%        4    #####..
 Summon Lightning Spire   Summ/Air       #.......     100%        4    #####..


Dungeon Overview and Level Annotations

Branches:
Dungeon (13/15)            Temple (1/1) D:6            Lair (0/6) D:9
    Orc (0/2) D:11
 Vaults: D:13-14

Altars:
Ashenzari
Cheibriados
Dithmenos
Elyvilon
Fedhas
Gozag
Hepliaklqana
Kikubaaqudgha
Makhleb
Nemelex Xobeh
Okawaru
Qazlal
Ru
Sif Muna
Trog
Uskayaw
Vehumet
Wu Jian
Xom
Yredelemnul
Zin
The Shining One

Shops:
D:7 *?*(   D:10 (

Annotations:
D:12 Jorgrun


Innate Abilities, Weirdness & Mutations

You reflexively headbutt those who attack you in melee.
You have a pair of horns on your head.


Message History

Your limbs are stiffening.
You hit Jorgrun.
Jorgrun looks as sick as possible!
You headbutt Jorgrun!
Jorgrun is moderately wounded.
You hear the loud beating of a distant drum.
You hear the stately tolling of a distant bell.
Jorgrun hits you with a +0 quarterstaff of crushing!
* * * LOW HITPOINT WARNING * * *
You have turned to stone.
Jorgrun barely misses you. Jorgrun hits you but does no damage.
Jorgrun gestures at you while chanting. Jorgrun hits you but does no damage.
Jorgrun hits you but does no damage. x3
You turn to flesh and can move again.
Your plate armour prevents you from hitting Jorgrun.
Jorgrun is heavily wounded.
You closely miss Jorgrun.
Jorgrun is heavily wounded.
Jorgrun hits you with a +0 quarterstaff of crushing!
You die...

#+# ...5... #.#
..."... #####.#####
....... #...'.'...#
....... #.###.###.#
....... #.# #.# #.#
.......
###'###.###'###c......
+............@gO5.....
###'###.###'###9......
#.# #.# #.# .#####.
#.###.###.# .#
#...'.'...# .#
#####.##### .# #.# .#
#+# .#


You could see Jorgrun, a two-headed ogre, a gargoyle, a centaur and a crimson
imp.

Vanquished Creatures
  Snorg (D:10)
  Harold (D:8)
  2 two-headed ogres
  Maurice (D:8)
  A gargoyle (D:13)
  Psyche (D:10)
  Prince Ribbit (D:8)
  2 hippogriffs
  A wraith (D:10)
  A wyvern (D:11)
  3 wargs (D:9)
  3 sky beasts
  2 black bears
  An orc warrior (D:8)
  2 phantoms (D:8)
  4 eyes of draining
  9 ogres
  A centaur (D:10)
  2 crocodiles
  9 bullfrogs
  2 scorpions
  A water moccasin skeleton (D:8)
  10 wights (D:7)
  9 killer bees
  A howler monkey (D:9)
  7 crimson imps
  A bullfrog zombie (D:5)
  A jelly (D:6)
  A bullfrog skeleton (D:7)
  2 hounds
  12 orc wizards
  2 quasits
  3 centaur skeletons
  10 orc priests
  3 worker ants
  A killer bee zombie (D:8)
  A hound zombie (D:7)
  2 hound skeletons
  A worker ant zombie (D:7)
  4 gnolls (D:8)
  10 adders
  2 shadow imps
  2 adder zombies
  An adder skeleton (D:6)
  2 worms
  2 dart slugs (D:2)
  6 leopard geckos
  34 orcs
  A ball python (D:3)
  6 bats
  5 giant cockroaches
  5 goblins
  9 hobgoblins
  11 jackals
  5 quokkas
  4 frilled lizards
  3 kobolds
  A leopard gecko skeleton (D:8)
  A quokka skeleton (D:6)
  6 rats
238 creatures vanquished.

Vanquished Creatures (others)
  A two-headed ogre (D:8)
1 creature vanquished.

Grand Total: 239 creatures vanquished

Notes
Turn   | Place    | Note
-------+----------+-------------------------------------------
     0 | D:1      | pratgm the Minotaur Fighter began the quest for the Orb.
     0 | D:1      | Reached XP level 1. HP: 19/19 MP: 0/0
   289 | D:1      | Reached XP level 2. HP: 27/27 MP: 1/1
   357 | D:1      | Reached skill level 4 in Fighting
  1137 | D:2      | Reached skill level 1 in Dodging
  1155 | D:2      | Reached XP level 3. HP: 30/33 MP: 2/2
  1242 | D:2      | Found an iron altar of Okawaru.
  1573 | D:2      | Reached XP level 4. HP: 40/41 MP: 3/3
  1744 | D:3      | Reached skill level 5 in Fighting
  1906 | D:3      | Found a sparkling altar of Nemelex Xobeh.
  2045 | D:3      | Reached XP level 5. HP: 48/48 MP: 4/4
  2234 | D:4      | Noticed an ogre
  2246 | D:4      | Killed an ogre
  2444 | D:4      | Reached XP level 6. HP: 53/56 MP: 5/5
  2660 | D:4      | Found a blossoming altar of Fedhas.
  2836 | D:5      | Entered Level 5 of the Dungeon
  2976 | D:5      | Found a basalt altar of Yredelemnul.
  3105 | D:5      | Reached skill level 6 in Fighting
  3418 | D:6      | Reached skill level 5 in Armour
  3433 | D:6      | Reached skill level 5 in Shields
  3478 | D:6      | Reached XP level 7. HP: 62/64 MP: 6/6
  3486 | D:6      | Found a staircase to the Ecumenical Temple.
  3589 | Temple   | Entered the Ecumenical Temple
  3810 | D:6      | Reached skill level 7 in Fighting
  3816 | D:6      | Reached skill level 5 in Axes
  3821 | D:6      | Reached XP level 8. HP: 64/73 MP: 7/7
  4258 | D:7      | Found Qovunoha's Antique Weapon Emporium.
  4285 | D:7      | Found an ancient bone altar of Kikubaaqudgha.
  4287 | D:7      | Found a shimmering blue altar of Sif Muna.
  4289 | D:7      | Found a stormy altar of Qazlal.
  4300 | D:7      | Found a snail-covered altar of Cheibriados.
  4329 | D:7      | Reached skill level 8 in Fighting
  4774 | D:7      | Found Hafutae's Assorted Antiques.
  4847 | D:7      | Found Ylavui Text's General Store.
  5158 | D:7      | Bought a potion of agility for 40 gold pieces
  5158 | D:7      | Bought a potion of mutation for 80 gold pieces
  5216 | D:7      | Found Ojiwialysm's Magic Scroll Shop.
  5219 | D:7      | Bought a scroll of identify for 28 gold pieces
  5219 | D:7      | Bought a scroll of identify for 28 gold pieces
  5219 | D:7      | Bought a scroll of identify for 28 gold pieces
  5279 | D:7      | Reached skill level 9 in Fighting
  5281 | D:7      | Reached XP level 9. HP: 78/83 MP: 8/8
  5297 | D:7      | Reached skill level 5 in Dodging
  5555 | D:7      | Found a burning altar of Makhleb.
  5934 | D:8      | Noticed Prince Ribbit
  5945 | D:8      | Killed Prince Ribbit
  6037 | D:7      | Became a worshipper of Makhleb the Destroyer
  6247 | D:8      | Noticed Harold
  6270 | D:8      | Killed Harold
  6270 | D:8      | Reached skill level 10 in Fighting
  6923 | D:8      | Noticed Maurice
  6923 | D:8      | Noticed a two-headed ogre
  6927 | D:8      | Reached XP level 10. HP: 93/94 MP: 9/9
  6935 | D:8      | Killed a two-headed ogre
  6943 | D:8      | Killed Maurice
  6943 | D:8      | Reached skill level 11 in Fighting
  7065 | D:8      | Found a shadowy altar of Dithmenos.
  7169 | D:8      | Reached * piety under Makhleb
  7493 | D:9      | Found a staircase to the Lair.
  7954 | D:10     | Entered Level 10 of the Dungeon
  8068 | D:10     | Reached ** piety under Makhleb
  8215 | D:10     | Noticed Snorg
  8230 | D:10     | Killed Snorg
  8230 | D:10     | Reached skill level 12 in Fighting
  8439 | D:10     | Reached XP level 11. HP: 104/104 MP: 10/10
  8511 | D:10     | Noticed Psyche
  8520 | D:10     | Killed Psyche
  8634 | D:10     | Found Veget's Antique Weapon Shoppe.
  8848 | D:11     | Found a staircase to the Orcish Mines.
  8912 | D:11     | Noticed a two-headed ogre
  8922 | D:11     | Killed a two-headed ogre
  8925 | D:11     | You fall into a shaft and drop 2 floors!
  8945 | D:13     | Noticed a two-headed ogre
  8959 | D:13     | Killed a two-headed ogre
  9075 | D:12     | Noticed a two-headed ogre
  9079 | D:12     | Noticed Jorgrun
  9101 | D:12     | HP: 4/106 [Jorgrun/+0 quarterstaff of crushing (5)]
  9110 | D:12     | Slain by Jorgrun

Levels and vault maps discovered:
D:1:      dpeg_arrival_stone_temple_mockup, layout_basic, minmay_split_cup_large
D:2:      layout_rooms, okawaru_gym_becter, first_ration
D:3:      layout_rooms, nemelex_lonely_heart_becter
D:4:      layout_basic, fedhas_altar_1
D:5:      layout_loops_ring, nicolae_overflow_crystal_walls, st_stairs_12
D:6:      layout_rooms, minmay_temple_entry_tees
D:7:      layout_basic, nicolae_overflow_hidden_temple,
          nicolae_overflow_quartered_altars, serial_shops, shop,
          nicolae_shop_behind_doors, shop, nicolae_shop_statue_plus
D:8:      layout_loops_corners, grunt_dithmenos_shadows, uniq_prince_ribbit1,
          uniq_maurice, uniq_harold
D:9:      layout_roguey, erik_lair_orcish_takeover
D:10:     layout_loops_cross, serial_shops, nicolae_shop_behind_doors,
          uniq_psyche, uniq_snorg
D:11:     layout_long_grid, orc_0_dummy, david_nohive_1
D:12:     wad_statue_garden, layout_basic, gauntlet_entry_generic, serial_shops,
          bzr_entry_gold, minmay_door_square, uniq_rupert, uniq_jorgrun
D:13:     layout_basic, david_vaults_1
Temple:   nicolae_temple_great_sept

Skill      XL: |  1  2  3  4  5  6  7  8  9 10 11 |
---------------+----------------------------------+-----
Fighting       | 4 5 6 7 9 10 12 | 12.8
Dodging        | 1 2 3 4 6 7 8 |  8.1
Shields        | 4 5 6 7 9 |  9.5
Armour         | 4 5 6 7 9 |  9.6
Axes           | 3 4 5 6 7 8 9 |  9.2

Action                   |  1- 3 |  4- 6 |  7- 9 | 10-12 || total
-------------------------+-------+-------+-------+-------++-------
Melee: War axe           |    87 |   150 |    49 |       ||   286
       Headbutt          |    16 |    22 |    78 |   100 ||   216
       Hand axe          |       |       |   287 |   319 ||   606
Throw: Stone             |     8 |       |       |       ||     8
  Use: Scroll            |       |     9 |     6 |     2 ||    17
       Potion            |       |       |     2 |       ||     2
  Eat: Ration            |     1 |       |       |       ||     1
       Chunk             |       |     5 |    26 |     7 ||    38
Armor: Scale mail        |     9 |       |       |       ||     9
       Plate armour      |    29 |    82 |   150 |   103 ||   364
Dodge: Dodged            |    12 |    24 |    55 |    84 ||   175
Block: Shield            |    37 |    81 |   148 |   142 ||   408

Table legend:
 A = Non-vault XP
 B = Vault XP
 C = Vault XP percentage of total XP
 D = Non-vault monster count
 E = Vault monster count
 F = Vault count percentage of total count
                 A         B        C        D         E       F
            +---------+---------+-------+---------+---------+-------
      Total |   11566 |    4014 |  25.8 |     220 |      19 |   7.9
            +---------+---------+-------+---------+---------+-------
        D:1 |      13 |       7 |  35.0 |       8 |       4 |  33.3
        D:2 |      77 |       0 |   0.0 |      20 |       0 |   0.0
        D:3 |     102 |       0 |   0.0 |      21 |       0 |   0.0
        D:4 |     280 |       0 |   0.0 |      16 |       0 |   0.0
        D:5 |     135 |       2 |   1.5 |       7 |       1 |  12.5
        D:6 |     833 |       0 |   0.0 |      18 |       0 |   0.0
        D:7 |    1569 |       0 |   0.0 |      36 |       0 |   0.0
        D:8 |    2458 |    1846 |  42.9 |      40 |       4 |   9.1
        D:9 |     762 |     615 |  44.7 |      15 |       8 |  34.8
       D:10 |    1774 |    1544 |  46.5 |      23 |       2 |   8.0
       D:11 |    1472 |       0 |   0.0 |       7 |       0 |   0.0
       D:13 |    2091 |       0 |   0.0 |       9 |       0 |   0.0
            +---------+---------+-------+---------+---------+-------
